 Dungeon Crawl Stone Soup version 0.31.0-11-ge490571c62 (webtiles) character file.

Game seed: 8393305468948266571

14 RancidPinata the Sneak (level 2, -1/21 HPs)
             Began as an Octopode Delver on Jan 29, 2024.
             Slain by an ufetubus (2 damage)
             ... on level 6 of the Dungeon.
             The game lasted 00:00:31 (56 turns).

RancidPinata the Sneak (Octopode Delver)              Turns: 56, Time: 00:00:32

Health: -1/21      AC:  1    Str:  9 (11) XL:     2   Next: 45%
Magic:  2/2        EV: 13    Int: 10 (12) God:
Gold:   26         SH:  0    Dex: 12 (13) Spells: 1/1 levels left

rFire   . . .        a - +0 short sword
rCold   . . .        (no shield)
rNeg    . . .        (helmet restricted)
rPois   .            (no amulet)
rElec   .            (no ring)
rCorr   .            (no ring)
SInv    .            (no ring)
Will    .....        (no ring)
Stlth   ++++         (no ring)
HPRegen 0.23/turn    (no ring)
MPRegen 0.08/turn    (no ring)
                     (no ring)

%: no passive effects
@: no status effects
A: almost no armour, amphibious, 8 rings, camouflage 1, gelatinous body 1,
(nimble swimmer 1), tentacles
a: no special abilities


You were on level 6 of the Dungeon.
You visited 1 branch of the dungeon, and saw 2 of its levels.

You collected 26 gold pieces.

Inventory:

Hand Weapons
 a - a +0 short sword (weapon)
Wands
 f - a wand of digging (3)
Scrolls
 b - a scroll of fog
 c - a scroll of revelation
 d - a scroll of fear
Potions
 e - a potion of haste


   Skills:
 + Level 3.2 Fighting
 + Level 2.2 Short Blades
 + Level 2.2 Dodging
 + Level 6.8 Stealth


You had one spell level left.
You didn't know any spells.
Your spell library was empty.

Dungeon Overview and Level Annotations

Branches:
Dungeon (6/15)
 Temple: D:4-7

Altars:

Annotations:
D:5 Ijyb


Innate Abilities, Weirdness & Mutations

You cannot wear most types of armour.
You are amphibious.
You can wear up to eight rings at the same time.
Your skin changes colour to match your surroundings (Stealth+).
Your rubbery body absorbs attacks. (AC +1, EV +1)
((You are camouflaged when in or above water. (Stealth+)))
You have tentacles for arms and can constrict up to eight enemies at once.


Message History

An ufetubus comes into view.
You hit the ufetubus. Your grab misses the ufetubus.
The ufetubus is heavily wounded.
The ufetubus slips past you! The ufetubus closely misses you.
The ufetubus barely misses you.
You barely miss the ufetubus. Your grab misses the ufetubus.
Your squeeze misses the ufetubus. The ufetubus barely misses you.
The ufetubus hits you. The ufetubus barely misses you. The ufetubus hits you.
The ufetubus misses you. x2; The ufetubus barely misses you. x2
You barely miss the ufetubus. You grab the ufetubus.
The ufetubus is heavily wounded.
You constrict the ufetubus. The ufetubus misses you. x2
The ufetubus hits you. x2
You hit the ufetubus.
The ufetubus is severely wounded.
You constrict the ufetubus, but do no damage.
The ufetubus closely misses you. x2; The ufetubus hits you.
* * * LOW HITPOINT WARNING * * *
The ufetubus closely misses you.
You hit the ufetubus.
The ufetubus is almost dead.
You constrict the ufetubus, but do no damage.
The ufetubus hits you.
* * * LOW HITPOINT WARNING * * *
The ufetubus barely misses you. The ufetubus closely misses you.
The ufetubus hits you.
* * * LOW HITPOINT WARNING * * *
The ufetubus misses you. x2
The ufetubus hits you but does no damage.
The ufetubus closely misses you.
You hit the ufetubus.
You kill the ufetubus!
The ufetubus slips past you! The ufetubus hits you.
* * * LOW HITPOINT WARNING * * *
The ufetubus closely misses you.
It was a potion of degeneration.
There was something very wrong with that liquid.
You feel weakened.
You feel dopey.
You feel clumsy. The ufetubus hits you.
You die...

#######. ###.......
..... ... #..# ##..
##.@# #...## #..5##
#.#.## #.#.#.##..#<#
#.#.##.##..## # #.#
#.#.## #.# ##..####..
# #.# #........<#
#..##.#.###.###.##..#
#...........# ...


You could see an ufetubus.

Vanquished Creatures
  An adder (D:6)
  An ufetubus (D:6)
2 creatures vanquished.

Notes
Turn   | Place    | Note
-------+----------+-------------------------------------------
     0 | D:5      | RancidPinata the Octopode Delver began the quest for the
                  | Orb.
     0 | D:5      | Reached XP level 1. HP: 16/16 MP: 1/1
     5 | D:5      | Noticed Ijyb
    21 | D:6      | Reached XP level 2. HP: 17/21 MP: 2/2
    55 | D:6      | HP: 1/21 [ufetubus (2)]
    56 | D:6      | Slain by an ufetubus

Illustrated notes

Levels and vault maps discovered:
D:5:      layout_cave_pools, nicolae_wu_jian_immortal_techniques,
          fedhas_altar_decomposition, minmay_temple_entry_nine_rooms,
          serial_shops, nicolae_shop_rolling_square, uniq_crazy_yiuf_cottage,
          uniq_prince_ribbit1, uniq_ijyb
D:6:      nicolae_BIG_FREAKIN_CUBE, layout_loops_ring,
          gammafunk_ghost_necromancy, serial_bayou_pond_d, grunt_tough_drop

Action                     || total
---------------------------++-------
  Melee: Short sword       ||     7
         Tentacles         ||     1
         Constrict         ||     1
    Use: Potion            ||     1
 Armour: Skin              ||    11
  Dodge: Dodged            ||    19
